 Dungeon Crawl Stone Soup version 0.20.1-1-g8b1a95d66d (webtiles) character file.

206 NullDivider the Charlatan (level 5, -4/34 HPs)
             Began as an Octopode Artificer on Dec 1, 2017.
             Slain by expyrelain's ghost (15 damage)
             ... on level 3 of the Dungeon.
             The game lasted 00:09:15 (2758 turns).

NullDivider the Charlatan (Octopode Artificer)      Turns: 2758, Time: 00:09:16

Health: -4/34      AC:  3    Str: 12    XL:     5   Next: 84%
Magic:  8/8        EV: 14    Int: 13    God:
Gold:   96         SH:  0    Dex: 13    Spells: 4/4 levels left

rFire    . . .     SeeInvis .   e - +1 dagger (venom)
rCold    . . .     Gourm    .   (no shield)
rNeg     . . .     Faith    .   o - +2 hat {MR+}
rPois    .         Spirit   .   (no amulet)
rElec    .         Reflect  .   (no ring)
rCorr    .         Harm     .   (no ring)
MR       +....                  (no ring)
Stlth    ++++......             (no ring)
Regen    0.2/turn               (no ring)
MPRegen  0.2/turn               (no ring)
                                (no ring)
                                (no ring)

@: no status effects
A: almost no armour, stealthy swim, amphibious, 8 rings, constrict 8, camouflage
1, gelatinous body 1
a: no special abilities


You were on level 3 of the Dungeon.
You were not hungry.

You visited 1 branch of the dungeon, and saw 3 of its levels.

You collected 96 gold pieces.

Inventory:

Hand Weapons
 e - a +1 dagger of venom (weapon)
 k - a +2 dagger of holy wrath
 l - a +2 dagger of speed
Armour
 o - a +2 hat of magic resistance (worn)
Jewellery
 a - an uncursed amulet of harm {unknown}
 j - a +3 ring of strength {unknown}
 y - an uncursed ring of flight {unknown}
Wands
 b - a wand of flame (14/48)
 c - a wand of enslavement (15/24)
 d - a wand of random effects (15/48)
Scrolls
 m - 2 scrolls of teleportation {unknown}
 r - a scroll of fog {unknown}
 v - 2 scrolls of identify {unknown}
 w - a scroll of immolation {unknown}
 x - a scroll of fear {unknown}
 z - a scroll of magic mapping {unknown}
Potions
 h - a potion of haste {unknown}
 q - a potion of lignification {unknown}
 s - a potion of agility {unknown}
 t - a potion of cancellation {unknown}
 u - 2 potions of flight {unknown}
 A - a potion of magic {unknown}
 B - a potion of curing {unknown}
Comestibles
 f - 4 bread rations
 g - 2 royal jellies
 i - a chunk of flesh
 n - 4 fruits
 p - 2 meat rations


   Skills:
 + Level 2.0 Fighting
 + Level 2.5 Short Blades
 + Level 3.0 Dodging
 * Level 4.1 Stealth
 + Level 4.3 Evocations


You had 4 spell levels left.
You didn't know any spells.

Dungeon Overview and Level Annotations

Branches:
Dungeon (3/15)

Altars:

Annotations:
D:3 expyrelain's ghost, weakling FeFi


Innate Abilities, Weirdness & Mutations

You cannot wear most types of armour.
You are very stealthy in the water. (Stealth+)
You are amphibious.
You can wear up to eight rings at the same time.
You can use your tentacles to constrict eight enemies at once.
Your skin changes colour to match your surroundings (Stealth+).
Your rubbery body absorbs attacks. (AC +1, EV +1)


Message History

Expyrelain's ghost closely misses you.
You hit expyrelain's ghost.
Expyrelain's ghost is heavily damaged.
Expyrelain's ghost barely misses you.
You hit expyrelain's ghost.
Expyrelain's ghost is severely damaged.
Expyrelain's ghost hits you!
You miss expyrelain's ghost.
Expyrelain's ghost is severely damaged.
Expyrelain's ghost hits you.
You hit expyrelain's ghost.
Expyrelain's ghost is severely damaged.
Expyrelain's ghost barely misses you.
Evoke which item? (* to show all) (? for menu, Esc to quit)
Aiming: Throw Flame
Press: ? - help, Shift-Dir - straight line, f - expyrelain's ghost
Aim: expyrelain's ghost (severely damaged)
The puff of flame misses expyrelain's ghost.
This wand has 14 charges left.
Expyrelain's ghost hits you!
You die...

....... # #..
......#. #.# #...
..## #.# #..# #..
##.### ###..###.#
.....# #..<..##.#
##.#.# #........#
##.#.####.#####..##.#
..........# #.@...#
#.##.####.#
#.#W...... ..##.# #.#
#.#.#####. .....# #.#
##.#.# .#.###
#....>..#.# .#.#
###...###.# .#.#
#...# .# .#.# #...#
..
.#.########...######


You could see expyrelain's ghost.

Vanquished Creatures
  Natasha (thrice) (D:2)
  4 gnolls (D:3)
  3 adders
  An ooze (D:2)
  3 dart slugs
  An orc (D:3)
  8 bats
  2 giant cockroaches
  12 goblins
  5 hobgoblins
  4 jackals
  A ball python (D:2)
  A frilled lizard (D:1)
  7 kobolds
  A rat (D:2)
56 creatures vanquished.

Notes
Turn   | Place    | Note
-------+----------+-------------------------------------------
     0 | D:1      | NullDivider the Octopode Artificer began the quest for the Orb.
     0 | D:1      | Reached XP level 1. HP: 13/13 MP: 3/3
   112 | D:1      | Reached XP level 2. HP: 18/18 MP: 4/4
   695 | D:1      | Reached XP level 3. HP: 15/23 MP: 5/5
  1195 | D:2      | Noticed Natasha
  1204 | D:2      | Killed Natasha
  1204 | D:2      | Reached XP level 4. HP: 27/28 MP: 7/7
  1458 | D:2      | Noticed Natasha
  1463 | D:2      | Killed Natasha
  1463 | D:2      | Reached XP level 5. HP: 32/34 MP: 8/8
  1500 | D:2      | Noticed Natasha
  1514 | D:2      | Killed Natasha
  2740 | D:3      | Noticed expyrelain's ghost (weakling FeFi)
  2758 | D:3      | Slain by expyrelain's ghost

Skill      XL: |  1  2  3  4  5 |
---------------+----------------+-----
Stealth        | 2 3 4 |  4.1
Evocations     | 4 |  4.3
Short Blades   | 2 |  2.5
Fighting       | 2 |  2.0
Dodging        | 3 |  3.0

Action                   |  1- 3 |  4- 6 || total
-------------------------+-------+-------++-------
Melee: Dagger            |    63 |    68 ||   131
       Constrict         |    21 |    14 ||    35
       Tentacles         |    15 |    13 ||    28
       Short sword       |     1 |       ||     1
Evoke: Wand              |       |     1 ||     1
 Stab: Sleeping          |     3 |     6 ||     9
       Distracted        |     1 |       ||     1
  Eat: Chunk             |     1 |     5 ||     6
Armor: Skin              |     6 |     3 ||     9
Dodge: Dodged            |    39 |    38 ||    77
